 Dungeon Crawl Stone Soup version 0.20.1-1-g8b1a95d (webtiles) character file.

149 slep the Skirmisher (level 5, 0/42 HPs)
             Began as a Demonspawn Abyssal Knight on Oct 25, 2017.
             Was a Believer of Lugonu.
             Killed by divine providence
             ... invoked by an orc priest
              (10 damage)
             ... on level 3 of the Dungeon.
             The game lasted 00:11:11 (2181 turns).

slep the Skirmisher (Demonspawn Abyssal Knight)     Turns: 2181, Time: 00:11:11

Health: 0/42       AC:  5    Str: 12    XL:     5   Next: 9%
Magic:  7/7        EV: 12    Int: 14    God:    Lugonu [**....]
Gold:   152        SH:  0    Dex: 13    Spells: 4/4 levels left

rFire    + . .     SeeInvis .   a - +1 falchion
rCold    . . .     Gourm    .   (no shield)
rNeg     . . .     Faith    .   b - +0 leather armour
rPois    .         Spirit   .   d - +0 helmet
rElec    .         Reflect  .   (no cloak)
rCorr    .         Harm     .   h - +0 pair of gloves
MR       .....                  (no boots)
Stlth    +.........             (no amulet)
Regen    0.2/turn               (no ring)
MPRegen  0.1/turn               (no ring)

@: no status effects
A: fire resistance 1, flame cloud immunity
a: Depart the Abyss, Bend Space, Renounce Religion


You were on level 3 of the Dungeon.
You worshipped Lugonu.
Lugonu was pleased with you.
You were not hungry.

You visited 1 branch of the dungeon, and saw 3 of its levels.
You visited the Abyss 1 time.

You collected 152 gold pieces.

Inventory:

Hand Weapons
 a - a +1 falchion (weapon)
 t - a +1 dagger of protection
 w - a +1 war axe of draining
Missiles
 q - 8 tomahawks of dispersal (quivered)
Armour
 b - a +0 leather armour (worn)
 d - a +0 helmet (worn)
 h - a +0 pair of gloves (worn)
Wands
 u - a wand of confusion (27/48)
Scrolls
 e - 2 scrolls of identify {unknown}
 f - 3 scrolls of blinking {unknown}
 k - a scroll of recharging {unknown}
 r - 2 scrolls of teleportation {unknown}
 s - a scroll of fear {unknown}
Potions
 g - 2 potions of mutation {unknown}
 l - 2 potions of might {unknown}
 m - a potion of lignification {unknown}
 n - a potion of heal wounds {unknown}
 o - a potion of curing {unknown}
 p - a potion of flight {unknown}
Comestibles
 c - 2 bread rations
 i - 3 fruits
 j - 2 meat rations
 v - 3 chunks of flesh


   Skills:
 + Level 3.7 Fighting
 + Level 3.5 Long Blades
 + Level 2.3 Armour
 + Level 1.6 Dodging
 + Level 2.9 Invocations


You had 4 spell levels left.
You didn't know any spells.

Dungeon Overview and Level Annotations

Branches:
Dungeon (3/15)

Altars:


Innate Abilities, Weirdness & Mutations

Your flesh is heat resistant. (rF+)
You are immune to clouds of flame.


Message History

You barely miss the orc priest.
The orc priest is lightly wounded.
The orc priest hits you but does no damage.
You hit the orc priest.
The orc priest is heavily wounded.
The orc priest hits you with a short sword!
You hit the orc priest.
The orc priest is heavily wounded.
The orc priest misses you.
You riposte.
You closely miss the orc priest.
The orc priest is heavily wounded.
You hit the orc priest.
The orc priest is severely wounded.
The orc priest calls down the wrath of Beogh upon you.
Beogh smites you!
* * * LOW HITPOINT WARNING * * *
You hit the orc priest but do no damage.
The orc priest is severely wounded.
The orc priest calls down the wrath of Beogh upon you.
Beogh smites you!
You die...

.# ... #.# ..? #.#
##.##########.#
#....>.......##.#
...........#.##.#
#..#(#####...)#.# .#
#..#o#####.###..# ..
#..#@##....# #..#
..#.##..#....##.###.##
........#######)...##
#.............#.##
#####.#########.# #.#
#.# #.#########.#
#...........#
#############


You could see an orc priest.

Vanquished Creatures
  An orc wizard (D:3)
  5 adders (D:2)
  2 oozes
  2 worms (D:2)
  4 dart slugs
  2 leopard geckos (D:1)
  An orc (D:3)
  A ball python (D:2)
  5 bats
  4 giant cockroaches
  7 goblins
  7 hobgoblins
  4 jackals (D:1)
  2 kobolds (D:1)
  5 rats
52 creatures vanquished.

Notes
Turn   | Place    | Note
-------+----------+-------------------------------------------
     0 | Abyss:1  | slep the Demonspawn Abyssal Knight began the quest for the Orb.
     0 | Abyss:1  | Reached XP level 1. HP: 18/18 MP: 2/2
   124 | Abyss:1  | Noticed a large abomination
   171 | Abyss:2  | Noticed a small abomination
   180 | D:1      | Escaped the Abyss
   215 | D:1      | Reached * piety under Lugonu
   309 | D:1      | Gained mutation: Your flesh is heat resistant. (rF+) [demonic ancestry]
   309 | D:1      | Reached XP level 2. HP: 11/24 MP: 4/4
   468 | D:1      | Reached skill level 1 in Dodging
   523 | D:1      | Gained mutation: You are immune to clouds of flame. [demonic ancestry]
   523 | D:1      | Reached XP level 3. HP: 18/29 MP: 5/5
  1162 | D:2      | Reached XP level 4. HP: 12/36 MP: 6/6
  2161 | D:3      | Reached ** piety under Lugonu
  2161 | D:3      | Reached XP level 5. HP: 35/42 MP: 7/7
  2181 | D:3      | Killed from afar by an orc priest

Skill      XL: |  1  2  3  4 |
---------------+-------------+-----
Long Blades    | 2 3 |  3.5
Dodging        | 1 |  1.6
Armour         | 2 |  2.3
Fighting       | |  3.7
Invocations    | |  2.9

Action                   |  1- 3 |  4- 6 || total
-------------------------+-------+-------++-------
Melee: Falchion          |   104 |    90 ||   194
Invok: Depart the Abyss  |     1 |       ||     1
  Eat: Chunk             |     1 |     3 ||     4
Armor: Leather armour    |    44 |    35 ||    79
Dodge: Dodged            |    75 |    35 ||   110
       Rpst.: Falchion   |    23 |    14 ||    37
